 Dungeon Crawl Stone Soup version 0.29-a0-973-gac7da5f7f0 (webtiles) character file.

Game seed: 3773944921818138301

22843 vurker the Grappler (level 13, -3/68 HPs)
             Began as a Vine Stalker Enchanter on July 31, 2022.
             Was a High Priest of Makhleb.
             Slain by an eight-headed hydra (6 damage)
             ... on level 5 of the Lair of Beasts.
             The game lasted 00:24:59 (13443 turns).

vurker the Grappler (Vine Stalker Enchanter)       Turns: 13443, Time: 00:25:00

Health: -3/68      AC:  5    Str: 16    XL:     13   Next: 2%
Magic:  0/19       EV: 17    Int: 15    God:    Makhleb [*****.]
Gold:   1262       SH:  5    Dex: 15    Spells: 16/16 levels left

rFire   . . .      SeeInvis .     - Unarmed
rCold   . . .      Faith    .   B - +0 buckler
rNeg    . . .      Spirit   +   v - +0 ring mail {rPois}
rPois   +          Reflect  .   A - +0 helmet
rElec   .          Harm     .   y - +0 cloak
rCorr   .          Rampage  .   h - +1 pair of gloves of Awe {Will+}
Will    +++..                   H - +1 pair of boots {Fly}
Stlth   ++........              w - amulet of magic regeneration
HPRegen 1.01/turn               e - +4 ring of evasion
MPRegen 0.56/turn               C - ring of willpower

@: corroded, flying
A: fangs 3, regeneration 1, magic shield, antimagic bite, no potion heal 2
a: Renounce Religion, Minor Destruction, Lesser Servant of Makhleb, Major
Destruction, Greater Servant of Makhleb


You were on level 5 of the Lair of Beasts.
You worshipped Makhleb.
Makhleb was extremely pleased with you.
You visited 3 branches of the dungeon, and saw 16 of its levels.
You also visited: Bailey.

You collected 1294 gold pieces.
You spent 32 gold pieces at shops.

Inventory:

Armour
 h - the +1 pair of gloves of Awe (worn) {Will+}
   (You acquired it on level 2 of the Dungeon)

   Will:      It increases your willpower.
 v - a +0 ring mail of poison resistance (worn)
   (You took it off an orc on level 5 of the Dungeon)
 y - a +0 cloak (worn)
   (You found it on level 6 of the Dungeon)
 A - a +0 helmet (worn)
   (You found it on level 7 of the Dungeon)
 B - a +0 buckler (worn)
   (You took it off a gnoll sergeant on level 6 of the Dungeon)
 H - a +1 pair of boots of flying (worn)
   (You found it in a bailey)
Jewellery
 e - a +4 ring of evasion (left hand)
   (You found it on level 1 of the Dungeon)
 u - a ring of ice
   (You found it on level 9 of the Dungeon)
 w - an amulet of magic regeneration (around neck)
   (You found it on level 6 of the Dungeon)
 C - a ring of willpower (right hand)
   (You found it on level 7 of the Dungeon)
 D - a ring of willpower
   (You found it on level 8 of the Dungeon)
 E - an amulet of reflection
   (You took it off a gnoll sergeant in a bailey)
Wands
 n - a wand of charming (13)
   (You found it on level 4 of the Dungeon)
 q - a wand of roots (6)
   (You found it on level 5 of the Dungeon)
 t - a wand of flame (4)
   (You found it on level 6 of the Dungeon)
 z - a wand of light (9)
   (You found it on level 6 of the Dungeon)
 J - a wand of mindburst (12)
   (You found it on level 1 of the Lair of Beasts)
Scrolls
 o - 4 scrolls of teleportation
 p - a scroll of enchant armour
 r - 2 scrolls of blinking
 G - a scroll of identify
 I - a scroll of magic mapping
Potions
 c - 3 potions of invisibility
 g - 5 potions of mutation
 j - 3 potions of haste
 k - 5 potions of might
 l - 3 potions of curing
 m - 2 potions of cancellation
 K - a potion of ambrosia
 L - a potion of lignification
 M - a potion of resistance


   Skills:
 + Level 8.3 Fighting
 - Level 0.8 Short Blades
 + Level 6.6 Armour
 + Level 6.9 Dodging
 - Level 3.6 Stealth
 + Level 6.0 Shields
 * Level 12.7 Unarmed Combat
 - Level 2.1 Spellcasting
 - Level 3.0 Hexes
 + Level 6.8 Invocations


You had 16 spell levels left.
You didn't know any spells.
Your spell library contained the following spells:

 Spells                   Type           Power      Damage    Failure   Level
 Ensorcelled Hibernation  Hex/Ice        12%        N/A       36%         2
 Confusing Touch          Hex            10%        N/A       38%         3
 Tukima's Dance           Hex            10%        N/A       38%         3
 Apportation              Tloc           2%         N/A       43%         1
 Necrotise                Necr           4%         1d4       43%         1
 Sandblast                Erth           2%         2d4       43%         1
 Summon Small Mammal      Summ           4%         N/A       43%         1
 Passwall                 Tmut/Erth      0%         N/A       58%         2
 Poisonous Vapours        Pois/Air       2%         N/A       58%         2
 Dazzling Flash           Conj/Hex       12%        N/A       61%         3
 Gell's Gravitas          Tloc           1%         N/A       82%         3
 Ignite Poison            Fire/Tmut/Pois 1%         N/A       82%         3
 Lesser Beckoning         Tloc           1%         N/A       82%         3
 Mephitic Cloud           Conj/Pois/Air  1%         N/A       82%         3
 Stone Arrow              Conj/Erth      2%         3d7       82%         3
 Teleport Other           Tloc           1%         N/A       82%         3
 Corpse Rot               Necr/Pois/Air  1%         N/A       99%         4
 Freezing Cloud           Conj/Ice/Air   0%         6-21      100%        5


Dungeon Overview and Level Annotations

Branches:
Dungeon (11/15)            Temple (1/1) D:4            Lair (3/5) D:10
  Slime (0/5) Lair:5          Orc (0/2) D:10         Bailey (visited)
  Swamp: Lair:2-3    Shoals: Lair:2-3     Snake: Lair:2-3    Spider: Lair:2-3

Altars:
Ashenzari
Cheibriados
Dithmenos
Elyvilon
Fedhas
Gozag
Hepliaklqana
Kikubaaqudgha
Makhleb
Nemelex Xobeh
Okawaru
Qazlal
Ru
Sif Muna
Trog
Uskayaw
Vehumet
Wu Jian
Xom
Yredelemnul
Zin
The Shining One

Shops:
D:8 *   D:10 =(

Portals:
Trove: D:11 (give 7 scrolls of butterflies)

Annotations:
D:8 2 transporters


Innate Abilities, Weirdness & Mutations

You have razor-sharp teeth.
Your natural rate of healing is unusually fast.
When hurt, damage is shared between your health and your magic reserves.
Your bite disrupts and absorbs the magic of your enemies.
Potions cannot restore your health.


Message History

You feel invigorated.
You hear a bellow!
A yak comes into view.
The jelly misses you.
You hear a bellow!
You hit the jelly.
Your hands burn!
You bite the jelly, but do no damage. You block the jelly's attack.
A jelly comes into view.
The jelly quivers.
You hit the jelly but do no damage. The acid corrodes you!
Your hands burn!
You bite the jelly.
You kill the jelly!
Makhleb accepts your kill.
You feel better. You block the jelly's attack.
A yak comes into view.
The yak bellows!
You punch the jelly! The acid corrodes you!
Your hands burn!
You hit the jelly but do no damage.
Your hands burn!
Your bite misses the jelly. The jelly barely misses you.
The jelly completely misses you.
A yak comes into view.
A jelly comes into view.
The yak bellows!
You pummel the jelly!!
You kill the jelly!
Makhleb accepts your kill.
You feel better. The jelly completely misses you.
You hit the eight-headed hydra but do no damage.
Your bite misses the eight-headed hydra.
The eight-headed hydra bites you! x2
You block the eight-headed hydra's attack.
The eight-headed hydra bites you!
* * * LOW HITPOINT WARNING * * *
The eight-headed hydra bites you but does no damage.
The eight-headed hydra bites you!
* * * LOW HITPOINT WARNING * * *
The eight-headed hydra closely misses you.
The eight-headed hydra bites you!
* * * LOW HITPOINT WARNING * * *
A yak comes into view.
The jelly hits you but does no damage.
The eight-headed hydra attacks as you move away!
The eight-headed hydra bites you.
* * * LOW HITPOINT WARNING * * *
The eight-headed hydra bites you.
* * * LOW HITPOINT WARNING * * *
The eight-headed hydra closely misses you.
The eight-headed hydra bites you.
* * * LOW HITPOINT WARNING * * *
The eight-headed hydra bites you!
You die...

..##...# ...#... . #..
Y. ...#..# #. ##.. .
#.#...###.P #..## Y# ##
..##...#..###... Y ..
.............#.# Y#.#..
#....###.......###YJ..#.
...#..### #.#....DJJ>...
........###.#...@#
##.......#.#.#.##J#
...##..........##J.#
..........###...##.#
......P....#....# .#
#..#.......#........
########............)
#.......###P.. ###..####


.PP You could see an eight-headed hydra, 5 yaks and 5 jellies.

Vanquished Creatures
  4 hydras
  Fannar (Lair:2)
  A catoblepas (Lair:2)
  A lindwurm (Lair:1)
  5 black mambas
  Maggie (D:7)
  A gargoyle (D:10)
  4 cane toads
  3 rime drakes
  A hornet (D:10)
  9 blink frogs (Lair:5)
  2 vampires
  23 yaks
  2 wyverns (Lair:1)
  2 basilisks
  4 wraiths
  2 steam dragons
  7 water moccasins
  Duvessa (D:5)
  An acid dragon (D:10)
  3 sky beasts
  A black bear (D:7)
  2 ogres
  3 orc warriors (D:10)
  2 ice beasts (D:6)
  3 centaurs
  14 wolves
  A phantom (D:6)
  4 kobold brigands (D:9)
  10 bullfrogs
  A necrophage (D:7)
  A scorpion (Lair:2)
  10 gnoll sergeants
  5 wights
  Dowan (D:5)
  12 killer bees (D:9)
  6 electric eels (D:8)
  6 howler monkeys
  4 hounds
  5 orc priests
  6 gnoll boudas (Bailey)
  9 jellies
  2 iguanas (D:6)
  9 orc wizards
  7 hell rats (Lair:5)
  23 gnolls
  9 adders
  A white imp (D:6)
  2 ufetubi (D:5)
  3 worms
  3 dart slugs
  39 orcs
  2 bats
  4 endoplasms
  2 giant cockroaches (D:2)
  7 goblins
  3 hobgoblins (D:4)
  2 jackals (D:3)
  27 kobolds
  3 quokkas
  6 ball pythons
  5 frilled lizards
  6 rats
349 creatures vanquished.

Vanquished Creatures (others)
  An adder (D:6)
  A kobold (D:4)
  12 fungi
  28 plants
  2 withered plants (Lair:5)
44 creatures vanquished.

Grand Total: 393 creatures vanquished

Notes
Turn   | Place    | Note
-------+----------+-------------------------------------------
     0 | D:1      | vurker the Vine Stalker Enchanter began the quest for the
                  | Orb.
     0 | D:1      | Reached XP level 1. HP: 9/9 MP: 4/4
   399 | D:1      | Reached skill level 1 in Unarmed Combat
   404 | D:1      | Reached XP level 2. HP: 14/14 MP: 6/6
   979 | D:2      | Reached skill level 1 in Fighting
  1482 | D:2      | Reached skill level 2 in Unarmed Combat
  1484 | D:2      | Reached XP level 3. HP: 18/18 MP: 7/7
  1491 | D:2      | Identified a scroll of acquirement
  1491 | D:2      | Acquired the +1 pair of gloves of Awe {Will+}
  2242 | D:3      | Found a faded altar of an unknown god.
  2292 | D:3      | Reached skill level 3 in Unarmed Combat
  2292 | D:3      | Gained mutation: Your natural rate of healing is unusually
                  | fast. [Vine Stalker growth]
  2292 | D:3      | Reached XP level 4. HP: 17/23 MP: 5/8
  2327 | D:3      | Reached XP level 5. HP: 12/26 MP: 9/9
  2711 | D:3      | Reached skill level 4 in Unarmed Combat
  3102 | D:4      | Noticed an ogre
  3113 | D:4      | HP: 1/27 [ogre/+0 giant club (26)]
  3544 | D:4      | Killed an ogre
  3545 | D:4      | Reached XP level 6. HP: 9/32 MP: 4/10
  3688 | D:4      | Found a staircase to the Ecumenical Temple.
  3792 | D:4      | Reached skill level 5 in Unarmed Combat
  4078 | D:4      | Found an ornate altar of the Wu Jian Council.
  4085 | D:4      | Found a snail-covered altar of Cheibriados.
  4091 | D:4      | Found a glowing golden altar of the Shining One.
  4104 | D:4      | Found a stormy altar of Qazlal.
  4111 | D:4      | Found a blossoming altar of Fedhas.
  4117 | D:4      | Found a shadowy altar of Dithmenos.
  4124 | D:4      | Found a radiant altar of Vehumet.
  4344 | D:5      | Entered Level 5 of the Dungeon
  4484 | D:5      | Reached XP level 7. HP: 20/36 MP: 4/11
  4582 | D:5      | Found a glowing silver altar of Zin.
  4582 | D:5      | Found a shimmering altar of Xom.
  4582 | D:5      | Noticed an angel
  4696 | D:5      | Reached skill level 6 in Unarmed Combat
  4915 | D:5      | Reached skill level 1 in Armour
  4971 | D:5      | Noticed Duvessa
  4992 | D:5      | Killed Duvessa
  4996 | D:5      | Noticed Dowan
  5009 | D:5      | Killed Dowan
  5537 | D:6      | Gained mutation: You have razor-sharp teeth. [Vine Stalker
                  | growth]
  5537 | D:6      | Reached XP level 8. HP: 40/42 MP: 9/12
  5640 | D:6      | Reached skill level 7 in Unarmed Combat
  5717 | D:6      | Noticed a wraith
  5739 | D:6      | Killed a wraith
  5870 | D:6      | Reached XP level 9. HP: 43/46 MP: 11/13
  5975 | D:6      | Found a sacrificial altar of Ru.
  6075 | D:6      | Reached skill level 8 in Unarmed Combat
  6208 | D:6      | Reached skill level 5 in Fighting
  6664 | Temple   | Entered the Ecumenical Temple
  6691 | Temple   | Became a worshipper of Makhleb the Destroyer
  7086 | D:7      | Noticed Maggie
  7102 | D:7      | Killed Maggie
  7103 | D:7      | Reached skill level 1 in Invocations
  7214 | D:7      | Reached skill level 1 in Shields
  7420 | D:8      | Reached skill level 9 in Unarmed Combat
  7456 | D:8      | Found Kidaz's Assorted Antiques.
  7498 | D:8      | Bought a scroll labelled ADAIZ YCKUADD for 32 gold pieces
  7635 | D:8      | Found a transporter.
  7639 | D:8      | Found a transporter.
  7640 | D:8      | Noticed a two-headed ogre
  7725 | D:8      | Reached XP level 10. HP: 35/53 MP: 11/14
  7771 | D:8      | Found a flagged portal.
  7780 | Bailey   | Entered a bailey
  7908 | Bailey   | Reached * piety under Makhleb
  9442 | D:8      | Reached ** piety under Makhleb
  9443 | D:8      | Reached skill level 10 in Unarmed Combat
  9512 | D:9      | Reached skill level 5 in Dodging
  9768 | D:9      | Reached XP level 11. HP: 58/58 MP: 15/15
 10028 | D:9      | Reached skill level 5 in Armour
 10239 | D:9      | Reached *** piety under Makhleb
 10351 | D:9      | Found a hazy altar of Hepliaklqana.
 10392 | D:10     | Entered Level 10 of the Dungeon
 10672 | D:10     | Found a staircase to the Lair.
 10759 | D:10     | Found a staircase to the Orcish Mines.
 10759 | D:10     | Found Gounott's Weapon Boutique.
 11029 | D:10     | Found Vekic's Jewellery Shoppe.
 11197 | D:11     | Noticed a five-headed hydra
 11211 | D:10     | Killed a five-headed hydra
 11271 | D:10     | Reached skill level 11 in Unarmed Combat
 11290 | D:11     | Noticed a skeletal warrior
 11294 | D:11     | Noticed a skeletal warrior
 11296 | D:11     | Noticed a skeletal warrior
 11358 | D:11     | Found a portal to a secret trove of treasure.
 11379 | D:11     | Noticed a lindwurm
 11380 | D:11     | Noticed a lindwurm
 11407 | Lair:1   | Entered Level 1 of the Lair of Beasts
 11417 | Lair:1   | Noticed a four-headed hydra
 11429 | D:10     | Reached **** piety under Makhleb
 11437 | D:10     | Killed a four-headed hydra
 11438 | D:10     | Reached skill level 5 in Invocations
 11583 | Lair:1   | Noticed a lindwurm
 11596 | Lair:1   | Killed a lindwurm
 11799 | Lair:1   | Reached XP level 12. HP: 61/63 MP: 17/17
 12148 | Lair:2   | Reached skill level 5 in Shields
 12422 | Lair:2   | Noticed Fannar
 12446 | Lair:2   | Killed Fannar
 12535 | Lair:2   | Reached skill level 12 in Unarmed Combat
 12733 | Lair:2   | Noticed a catoblepas
 12766 | Lair:2   | Killed a catoblepas
 13053 | Lair:3   | Noticed a death yak
 13054 | Lair:3   | Noticed a death yak
 13146 | Lair:3   | You are sucked into a shaft and drop 2 floors!
 13146 | Lair:5   | Entered Level 5 of the Lair of Beasts
 13146 | Lair:5   | Noticed a five-headed hydra
 13157 | Lair:5   | Killed a five-headed hydra
 13220 | Lair:5   | Reached ***** piety under Makhleb
 13254 | Lair:5   | Noticed an eight-headed hydra
 13278 | Lair:5   | Killed an eight-headed hydra
 13365 | Lair:5   | Reached XP level 13. HP: 63/68 MP: 19/19
 13429 | Lair:5   | Found a staircase to the Slime Pits.
 13443 | Lair:5   | HP: 3/68 [eight-headed hydra (4)]
 13443 | Lair:5   | Slain by an eight-headed hydra

Illustrated notes

Levels and vault maps discovered:
D:1:      scummos_arrival_simple_fountains, layout_rooms, serial_glass,
          glass_columns_a, glass_columns_a, glass_columns_a, glass_columns_a,
          glass_columns_a, glass_columns_c
D:2:      layout_basic
D:3:      layout_loops_ring, serial_aquarium, aquarium_bridge_straight
          [aquarium_subvault_bridge, aquarium_subvault_window,
          aquarium_subvault_bridge, aquarium_subvault_window],
          aquarium_bridge_long_separate [aquarium_subvault_bridge,
          aquarium_subvault_window, aquarium_subvault_bridge,
          aquarium_subvault_bridge, aquarium_subvault_wall,
          aquarium_subvault_bridge], aquarium_window_corner,
          aquarium_window_corridor_1, aquarium_window_1, aquarium_view_2d,
          aquarium_balcony_1a, aquarium_pool_2,
          ebering_ecumenical_altar_abandoned, amcnicky_mini_corridor_feature,
          serial_bayou_crossing
D:4:      layout_basic, grunt_temple_overflow_octagram,
          minmay_temple_entry_enclosed_plants, serial_rivers,
          chequers_serial_rivers_micro_c, chequers_serial_rivers_micro_c,
          chequers_serial_rivers_micro_b, chequers_serial_rivers_room_b,
          chequers_serial_rivers_micro_b, kennysheep_orc_chapel
D:5:      layout_basic, grunt_temple_overflow_order_and_chaos_1, uniq_duvessa
D:6:      layout_loops_ring, hangedman_ru_absence, portal_sewer_entry_a,
          serial_rivers, chequers_serial_rivers_room_a,
          chequers_serial_rivers_small_3, chequers_serial_rivers_room_a,
          chequers_serial_rivers_micro_c, chequers_serial_rivers_micro_d,
          minmay_misc_feat_doors, minmay_misc_feat_four_crosses,
          minmay_starry_boxes
D:7:      layout_basic, uniq_maggie
D:8:      gammafunk_beogh_shrine, layout_rooms, enter_bailey_6, serial_shops,
          shop_fountains, serial_bayou, serial_bayou_pond_e,
          serial_bayou_lake_a, serial_bayou_shore_a, serial_bayou_shore_b,
          roderic_serpentine_path, corner_web_ring, nrook_loot_triangle
D:9:      layout_roguey, mainiacjoe_overflow_alcove_2
D:10:     layout_irregular_city, lair_entry_dummy, orc_david_3, serial_shops,
          nicolae_shop_window_shopping
D:11:     layout_small_grid, serial_shops, nicolae_diamond_shop,
          nicolae_trove_entry_isolated, minivault_16, minmay_lindwurm_lava,
          uniq_grum, uniq_erica, uniq_sonja, uniq_lodul
Temple:   nicolae_temple_ecumenical_triangle
Lair:1:   layout_hall_layers, nicolae_lair_lindhole, lemuel_fruit_tree,
          grunt_megastairs_4
Lair:2:   layout_gridlike, uniq_fannar
Lair:3:   layout_regular_city, skrybe_swamp_entry_bodies,
          guppyfry_snake_entry_garden, gammafunk_ghost_grave,
          beast_lair_carwin_10
Lair:5:   due_jungle_book, layout_loops_ring, minmay_slime_entry_jelly_boxes,
          enter_volcano_3, disabler_island, uniq_josephine

Skill      XL: |  1  2  3  4  5  6  7  8  9 10 11 12 |
---------------+-------------------------------------+-----
Unarmed Combat | 1 2 3 4 5 6 7 9 10 11 12 | 12.7
Fighting       | 1 2 3 4 5 6 7 8 |  8.3
Dodging        | 2 3 4 5 6 |  6.9
Armour         | 1 2 3 4 5 6 |  6.6
Invocations    | 2 4 5 6 |  6.8
Shields        | 1 3 4 6 |  6.0
Short Blades   | |  0.8
Stealth        | |  3.6
Spellcasting   | |  2.1
Hexes          | |  3.0

Action                   |  1- 3 |  4- 6 |  7- 9 | 10-12 | 13-15 || total
-------------------------+-------+-------+-------+-------+-------++-------
Melee: Dagger            |   129 |   113 |       |       |       ||   242
       Bite              |    28 |    63 |   115 |   364 |    11 ||   581
       Punch             |     1 |     4 |    10 |       |       ||    15
       Unarmed           |       |    82 |   358 |  1018 |    33 ||  1491
Evoke: Wand              |       |     9 |       |     7 |       ||    16
  Use: Scroll            |     6 |     7 |     2 |    11 |       ||    26
       Potion            |       |       |       |     1 |       ||     1
 Stab: Sleeping          |     7 |     8 |     3 |     1 |       ||    19
       Invisible         |       |       |       |     1 |       ||     1
       Petrified         |       |       |       |     3 |       ||     3
Armor: Robe              |    23 |    50 |       |       |       ||    73
       Chain mail        |       |       |    49 |       |       ||    49
       Ring mail         |       |       |    68 |   332 |     7 ||   407
Dodge: Dodged            |    89 |   147 |   191 |   932 |    17 ||  1376
Block: Buckler           |       |       |     5 |   280 |     6 ||   291

Table legend: (Time is in decaauts)
 A = Elapsed time spent in this place.
 B = Non-inter-level travel time spent in this place.
 C = Inter-level travel time spent in this place.
 D = Time resting spent in this place.
 E = Time spent auto-exploring this place.
 F = Levels seen in this place.
 G = Mean time per level.
                   A        B        C        D        E       F      G
               +--------+--------+--------+--------+--------+-----+--------+
         Total |  13259 |  12465 |    794 |    204 |   9037 |  17 |  779.9 |
       Dungeon |  10576 |   9847 |    729 |    167 |   7511 |  11 |  961.5 |
        Temple |     44 |     28 |     16 |      0 |     18 |   1 |   44.0 |
          Lair |   1938 |   1890 |     48 |     37 |   1216 |   4 |  484.5 |
        Bailey |    699 |    699 |      0 |      0 |    292 |   1 |  699.0 |
               +--------+--------+--------+--------+--------+-----+--------+

Top non-repeatable levels by time:
     D:8: 1366 daAuts
     D:4: 1342 daAuts
     D:5: 1219 daAuts
     D:2: 1180 daAuts
     D:6: 1171 daAuts
     D:3: 1016 daAuts
    D:10: 955 daAuts
  Lair:2: 935 daAuts
     D:9: 870 daAuts
     D:1: 814 daAuts
  Bailey: 699 daAuts
  Lair:1: 678 daAuts
     D:7: 573 daAuts
  Lair:5: 270 daAuts
    D:11: 64 daAuts
